 Dungeon Crawl Stone Soup version 0.31.0-12-g77e489cdc1 (webtiles) character file.

Game seed: 14741990920741032286

28 Gadfly the Trooper (level 3, 29/29 HPs)
             Began as a Demonspawn Monk on Feb 11, 2024.
             Quit the game on level 1 of the Dungeon.
             The game lasted 00:00:45 (621 turns).

Gadfly the Trooper (Demonspawn Monk)                 Turns: 621, Time: 00:00:46

Health: 29/29      AC:  2    Str: 13    XL:     3   Next: 0%
Magic:  3/3        EV: 13    Int: 10    God:
Gold:   22         SH:  0    Dex: 15    Spells: 2/2 levels left

rFire   . . .        b - +2 short sword (vamp)
rCold   . . .        c - orb {light}
rNeg    . . .        a - +0 robe
rPois   .            (no helmet)
rElec   .            (no cloak)
rCorr   .            (no gloves)
SInv    .            (no boots)
Will    .....        (no amulet)
Stlth   +            (no ring)
HPRegen 0.24/turn    (no ring)
MPRegen 0.08/turn

%: no passive effects
@: glowing
A: demonic guardian 1, demonic magic 1
a: no special abilities


You were on level 1 of the Dungeon.
You visited 1 branch of the dungeon, and saw 1 of its levels.

You collected 22 gold pieces.

Inventory:

Hand Weapons
 b - a +2 vampiric short sword (weapon)
 h - a +2 short sword of holy wrath
Armour
 a - a +0 robe (worn)
 c - an orb of light (worn)
Scrolls
 e - 3 scrolls of identify {unknown}
 f - a scroll of revelation {unknown}
 g - 2 scrolls of teleportation {unknown}
 i - a scroll of acquirement {unknown}
Potions
 d - a potion of ambrosia


   Skills:
 - Level 3.0 Fighting
 + Level 2.9 Dodging
 * Level 3.0 Unarmed Combat
 * Level 1.3 Evocations
 * Level 0.8 Shapeshifting


You had 2 spell levels left.
You didn't know any spells.
Your spell library was empty.

Dungeon Overview and Level Annotations

Branches:
Dungeon (1/15)

Altars:


Innate Abilities, Weirdness & Mutations

A weak demonic guardian rushes to your aid.
Spells you cast may paralyse adjacent enemies.


Message History

The kobold shouts!
A kobold is nearby!
You hit the kobold.
You kill the kobold!
No target in view!
No target in view!
No target in view!
No target in view!
No target in view!
No target in view!
No target in view!
A hobgoblin comes into view.
The hobgoblin shouts!
A hobgoblin is nearby!
A hobgoblin is nearby!
The hobgoblin barely misses you.
You hit the hobgoblin.
The hobgoblin is moderately wounded.
The hobgoblin closely misses you.
You hit the hobgoblin.
The hobgoblin is almost dead.
The hobgoblin misses you.
You hit the hobgoblin.
You kill the hobgoblin!
g - 2 scrolls labelled WAURENW BEUGG (gained 1)
A goblin comes into view. It is wielding a +0 dagger.
The goblin shouts!
A goblin is nearby!
The goblin hits you with a +0 dagger.
You hit the goblin.
The goblin is severely wounded.
The goblin barely misses you.
You hit the goblin.
You feel better.
You kill the goblin!
You have reached level 3!
Your experience leads to an increase in your attributes!
Increase (S)trength, (I)ntelligence, or (D)exterity?
You feel stronger. x2; Your demonic ancestry asserts itself...
A menacing aura infuses your magic.
Are you sure you want to abandon this character and quit the game? (Confirm with "yes".)

#...# #...# #####
#...###### #...#....#
#...#.##.########
#####.##........#####
#.##.............
#.##.######.#####
####.##.# #....#
#.)@....# ####.#
######### #.# #.#
######################.#
#......................#
######################.#
###


There were no monsters in sight!

Vanquished Creatures
  2 dart slugs (D:1)
  3 bats (D:1)
  2 giant cockroaches (D:1)
  4 goblins (D:1)
  A hobgoblin (D:1)
  A quokka (D:1)
  2 ball pythons (D:1)
  2 frilled lizards (D:1)
  4 kobolds (D:1)
21 creatures vanquished.

Vanquished Creatures (collateral kills)
  A bat (D:1)
1 creature vanquished.

Grand Total: 22 creatures vanquished

Notes
Turn   | Place    | Note
-------+----------+-------------------------------------------
     0 | D:1      | Gadfly the Demonspawn Monk began the quest for the Orb.
     0 | D:1      | Reached XP level 1. HP: 18/18 MP: 1/1
   184 | D:1      | Gained mutation: A weak demonic guardian rushes to your
                  | aid. [demonic ancestry]
   184 | D:1      | Reached XP level 2. HP: 18/24 MP: 2/2
   227 | D:1      | Reached skill level 1 in Evocations
   262 | D:1      | Found a faded altar of an unknown god.
   621 | D:1      | Gained mutation: Spells you cast may paralyse adjacent
                  | enemies. [demonic ancestry]
   621 | D:1      | Reached XP level 3. HP: 29/29 MP: 3/3
   621 | D:1      | Quit the game

Illustrated notes

Levels and vault maps discovered:
D:1:      zaba_arrival_water, layout_basic, ebering_ecumenical_altar_hall

Skill      XL: |  1  2 |
---------------+-------+-----
Evocations     | 1 |  1.3
Unarmed Combat | 3 |  3.0
Fighting       | |  3.0
Dodging        | |  2.9
Shapeshifting  | |  0.8

Action                     || total
---------------------------++-------
  Melee: Short sword       ||    48
         Unarmed           ||     8
 Armour: Robe              ||    33
  Dodge: Dodged            ||    37
